 Dungeon Crawl Stone Soup version 0.26-b1-32-g5d43845318 (webtiles) character file.

Game seed: 12461438357184978916

113780 wakim the Eclecticist (level 16, -14/93 HPs)
             Began as a Deep Elf Conjurer on Jan 9, 2021.
             Was a High Priest of Sif Muna.
             Demolished by a spriggan berserker
             ... wielding the +11 broad axe "Fidenn" {flame, rPois rN+}
              (45 damage)
             ... on level 6 of the Lair of Beasts.
             The game lasted 03:32:31 (30939 turns).

wakim the Eclecticist (Deep Elf Conjurer)          Turns: 30939, Time: 03:32:31

Health: -14/93     AC: 17    Str:  4    XL:     16   Next: 14%
Magic:  14/40      EV: 15    Int: 31    God:    Sif Muna [*****.]
Gold:   1672       SH: 10    Dex: 20    Spells: 16/51 levels left

rFire    + + .     SeeInvis .   a - +9 staff of Olgreb {rPois∞}
rCold    + . .     Faith    .   X - +1 kite shield {AC+3}
rNeg     . . .     Spirit   .   Y - +2 robe {rC+ rF+}
rPois    ∞         Reflect  .   r - +2 helmet
rElec    .         Harm     .   J - +0 cloak
rCorr    +         Rampage  .   b - +2 pair of gloves {Dex+3}
Will     +....                  G - +2 pair of boots {run}
Stlth    ++++......             o - amulet of magic regeneration
HPRegen  0.25/turn              w - ring of fire
MPRegen  0.52/turn              L - ring of Tueff {rC+ rCorr Dex+4 Slay+2}

@: quick
A: no striking features
a: Renounce Religion, Channel Magic, Forget Spell, Divine Exegesis


You were on level 6 of the Lair of Beasts.
You worshipped Sif Muna.
Sif Muna was extremely pleased with you.
You visited 4 branches of the dungeon, and saw 23 of its levels.
You also visited: Ice Cave.

You collected 3050 gold pieces.
You spent 1378 gold pieces at shops.

Inventory:

Hand Weapons
 a - the +9 staff of Olgreb (weapon) {rPois∞}
   (You found it on level 6 of the Lair of Beasts)

   It grants immunity to poison.
Armour
 b - a +2 pair of gloves of dexterity (worn)
 r - a +2 helmet (worn)
 G - a +2 pair of boots of running (worn)
 J - a +0 cloak (worn)
 X - a +1 kite shield of protection (worn)
 Y - a +2 robe of resistance (worn)
 Z - a +2 robe of willpower
Jewellery
 c - an uncursed ring of wizardry
 o - an amulet of magic regeneration (around neck)
 u - an uncursed ring of poison resistance
 w - a ring of fire (left hand)
 x - an uncursed amulet of guardian spirit
 E - a +6 ring of intelligence
 H - an uncursed amulet of reflection
 L - the ring of Tueff (right hand) {rC+ rCorr Dex+4 Slay+2}
   (You bought it in a shop on level 2 of the Orcish Mines)

   [ring of resist corrosion]

   It affects your dexterity (+4).
   It affects your accuracy and damage with ranged weapons and melee attacks
   (+2).
   It protects you from cold.
   It provides partial protection from all sources of acid and corrosion.
 S - an uncursed ring of protection from cold
Wands
 d - a wand of iceblast (12)
 l - a wand of acid (21)
 n - a wand of paralysis (17)
 s - a wand of polymorph (11)
 F - a wand of enslavement (22)
 I - a wand of digging (11)
 R - a wand of disintegration (10)
Scrolls
 g - a scroll of summoning
 i - 17 scrolls of identify
 k - 12 scrolls of remove curse
 p - 6 scrolls of magic mapping
 q - a scroll of fog
 y - 4 scrolls of amnesia
 A - 3 scrolls of enchant armour
 C - 11 scrolls of teleportation
 O - a scroll of blinking
 P - a scroll of silence
 Q - a scroll of immolation
Potions
 e - 2 potions of magic
 f - a potion of ambrosia
 h - 13 potions of curing
 j - 5 potions of might
 m - 2 potions of invisibility
 t - 5 potions of haste
 v - 8 potions of flight
 z - 6 potions of brilliance
 M - 2 potions of heal wounds
 N - a potion of cancellation
 T - 2 potions of resistance
 V - a potion of berserk rage


   Skills:
 - Level 8.0 Fighting
 - Level 1.4 Armour
 - Level 6.0 Dodging
 - Level 8.0 Stealth
 * Level 5.0 Shields
 + Level 18.1 Spellcasting
 + Level 15.9 Conjurations
 - Level 8.0 Hexes
 - Level 4.0 Translocations
 * Level 13.6 Fire Magic
 - Level 8.0 Invocations


You had 16 spell levels left.
You knew the following spells:

 Your Spells              Type           Power        Failure   Level
a - Magic Dart            Conj           100%         0%          1
b - Searing Ray           Conj           100%         0%          2
c - Fulminant Prism       Conj/Hex       40%          1%          4
d - Iskenderun's Mystic   Conj/Tloc      74%          1%          4
e - Fireball              Conj/Fire      55%          1%          5
f - Bolt of Magma         Conj/Fire/Erth 46%          2%          5
g - Starburst             Conj/Fire      55%          1%          6
h - Ignition              Fire           53%          78%         8

Your spell library contained the following spells:

 Spells                   Type           Power        Failure   Level
 Apportation              Tloc           100%         1%          1
 Corona                   Hex            74%          1%          1
 Blink                    Tloc           N/A          1%          2
 Ensorcelled Hibernation  Hex/Ice        100%         1%          2
 Slow                     Hex            67%          1%          2
 Dazzling Flash           Conj/Hex       100%         1%          3
 Inner Flame              Hex/Fire       97%          1%          3
 Portal Projectile        Hex/Tloc       100%         1%          3
 Cause Fear               Hex            33%          1%          4
 Sticky Flame             Conj/Fire      100%         1%          4
 Ignite Poison            Fire/Tmut/Pois 90%          2%          3
 Summon Guardian Golem    Hex/Summ       52%          3%          3
 Summon Small Mammal      Summ           100%         5%          1
 Call Imp                 Summ           28%          8%          2
 Passwall                 Tmut/Erth      23%          8%          2
 Swiftness                Air            28%          8%          2
 Leda's Liquefaction      Hex/Erth       26%          10%         4
 Passage of Golubria      Tloc           N/A          10%         4
 Call Canine Familiar     Summ           28%          16%         3
 Metabolic Englaciation   Hex/Ice        26%          28%         5
 Summon Mana Viper        Hex/Summ       52%          28%         5
 Invisibility             Hex            67%          30%         6
 Summon Ice Beast         Ice/Summ       28%          45%         4
 Summon Lightning Spire   Summ/Air       28%          45%         4
 Summon Forest            Summ/Tloc      20%          54%         5
 Lee's Rapid Deconstruct  Erth           14%          82%         5
 Summon Demon             Summ           14%          82%         5
 Shadow Creatures         Summ           N/A          100%        6
 Malign Gateway           Summ/Tloc      20%          100%        7
 Summon Hydra             Summ           14%          100%        7


Dungeon Overview and Level Annotations

Branches:
Dungeon (14/15)            Temple (1/1) D:7            Lair (6/6) D:10
 Shoals (0/4) Lair:3        Snake (0/4) Lair:3        Slime (0/5) Lair:6
    Orc (2/2) D:10            Elf (0/3) Orc:2        Vaults (0/5) D:14
  IceCv (visited)

Altars:
Ashenzari
Cheibriados
Dithmenos
Elyvilon
Fedhas
Gozag
Hepliaklqana
Kikubaaqudgha
Makhleb
Nemelex Xobeh
Okawaru
Qazlal
Ru
Sif Muna
Trog
Uskayaw
Vehumet
Wu Jian
Xom
Yredelemnul
Zin
The Shining One
Beogh
Jiyva
Lugonu

Shops:
D:10 :([   D:12 [   D:14 [   Orc:2 *[(=

Annotations:
Lair:6 1 transporter, 1 runed translucent door, MajorAdolf's ghost, journeyman NaWn
Orc:2 3 runed translucent doors, no0bjke's ghost, journeyman GrFi; rpophessagr's ghost, journeyman HOMo


Message History

The fireball engulfs the spriggan berserker!!
The spriggan berserker is severely wounded.
The spriggan rider hits you from afar with the cursed +1 spear of Gozag's Inspiration {antimagic, rElec}.
You feel your power leaking away.
The spriggan rider hits you with the cursed +1 spear of Gozag's Inspiration {antimagic, rElec}!
You feel your power leaking away.
The spriggan berserker mumbles some strange prayers to Trog.
The spriggan berserker goes berserk!
The spriggan rider completely misses you.
The spriggan berserker hits you with the +11 broad axe "Fidenn" {flame, rPois rN+}!
The spriggan berserker burns you. You block the spriggan rider's attack.
The spriggan berserker rages.
The spriggan berserker hits you with the +11 broad axe "Fidenn" {flame, rPois rN+}!!
* * * LOW HITPOINT WARNING * * *
The spriggan berserker burns you.
* * * LOW HITPOINT WARNING * * *
There is a bloodstained altar of Trog, spattered with blood here.
The spriggan berserker hits you with the +11 broad axe "Fidenn" {flame, rPois rN+}!!!
You die...

##.............<...)...........
#P......................P......
###...........©..............P.
###........#####........##....
#........###...###............
##..P...##......###.P.........
##P.#...###...### #......PP...
#..P...##.###.#≈####....##....
#....#.#.##≈[@[###.#....#.#...
#....P.#..##.i....©#....##....
##.....#.....i.#...#..###.....
#.....##....#≈#..##..# #.....
#......#.....##..#..P# #.#..#
####...##.....)###..## ######
#.....###.©)###..##
###.....#####.....#
#.......©......##


You could see a spriggan rider and a spriggan berserker (berserk).

Vanquished Creatures
  Saint Roka (Orc:2)
  Rupert (Lair:6)
  Gastronok (D:9)
  A frost giant (IceCv)
  Snorg (Lair:4)
  Josephine (Lair:5)
  9 hydras
  Fannar (Lair:1)
  A catoblepas (Lair:3)
  Harold (D:9)
  A merfolk avatar (Lair:6)
  Erica (D:9)
  3 two-headed ogres
  12 death yaks
  3 orc high priests (Orc:2)
  2 sea snakes (Lair:6)
  An unseen horror (D:10)
  A wizard (D:14)
  Pikel (D:4)
  5 orc knights
  A harpy (Lair:6)
  A lindwurm (Lair:5)
  7 orc sorcerers
  2 cyclopes
  2 manticores
  A moth of wrath (Lair:6)
  10 ugly things
  An ice statue (IceCv)
  Maurice (D:11)
  24 elephants
  3 black mambas
  16 cane toads
  2 gargoyles
  A torpor snail (Lair:6)
  Psyche (D:9)
  4 kobold demonologists
  9 rime drakes
  An efreet (D:14)
  9 komodo dragons
  6 trolls
  A wind drake (Lair:6)
  4 hornets
  19 polar bears
  34 blink frogs
  7 dream sheep (Lair:6)
  A snapping turtle (Lair:3)
  Sigmund (D:6)
  3 spriggans (Lair:6)
  3 shadows
  9 wyverns
  73 yaks
  6 wraiths
  6 basilisks
  Grum (D:8)
  4 vampire mosquitoes (D:14)
  Menkaure (D:6)
  A soldier ant (D:14)
  3 wargs
  2 nagas (Lair:3)
  2 acid dragons
  15 water moccasins
  33 orc warriors
  5 sky beasts
  4 black bears
  A necrophage (D:13)
  11 ice beasts
  2 eyes of draining (D:13)
  3 phantoms
  33 wolves
  6 centaurs
  4 ogres
  2 lemures (D:4)
  2 big kobolds
  A gnoll sergeant (D:8)
  17 bullfrogs
  A wyvern skeleton (D:10)
  5 scorpions
  4 killer bees (D:10)
  8 wights
  5 howler monkeys
  A bullfrog zombie (D:10)
  A quasit (D:14)
  26 orc priests
  3 bullfrog skeletons
  6 hounds
  5 jellies
  35 orc wizards
  Crazy Yiuf (D:3)
  10 centaur skeletons
  Natasha (thrice) (D:4)
  5 iguanas
  8 worker ants
  A hound skeleton (D:9)
  12 gnolls
  A howler monkey skeleton (D:4)
  12 adders
  A shadow imp (D:6)
  A white imp (D:5)
  5 ufetubi
  An ooze (D:3)
  3 adder skeletons
  2 worms
  3 dart slugs
  7 leopard geckos
  101 orcs
  2 ball pythons (D:3)
  7 giant cockroaches
  8 goblins
  10 hobgoblins
  13 jackals
  18 kobolds
  2 quokkas
  7 bats
  8 frilled lizards
  A jackal skeleton (D:6)
  5 rats
  A bush (Lair:4)
829 creatures vanquished.

Vanquished Creatures (others)
  A centaur skeleton (D:5)
  5 demonic plants (D:12)
  121 fulminant prisms
  40 fungi
  72 plants
  4 withered plants (Orc:2)
243 creatures vanquished.

Grand Total: 1072 creatures vanquished

Notes
Turn   | Place    | Note
-------+----------+-------------------------------------------
     0 | D:1      | wakim the Deep Elf Conjurer began the quest for the Orb.
     0 | D:1      | Reached XP level 1. HP: 10/10 MP: 6/6
   158 | D:1      | Reached XP level 2. HP: 15/15 MP: 4/8
   779 | D:1      | Reached skill level 5 in Conjurations
   847 | D:1      | Reached XP level 3. HP: 15/19 MP: 8/10
  1146 | D:2      | Learned a level 2 spell: Searing Ray
  1264 | D:2      | Found an ancient bone altar of Kikubaaqudgha.
  1417 | D:2      | Found a blossoming altar of Fedhas.
  1521 | D:2      | Found a faded altar of an unknown god.
  1983 | D:3      | Reached XP level 4. HP: 24/24 MP: 11/11
  2157 | D:3      | Reached skill level 4 in Spellcasting
  2355 | D:3      | Reached XP level 5. HP: 17/28 MP: 13/13
  2759 | D:3      | Learned a level 4 spell: Iskenderun's Mystic Blast
  2764 | D:3      | Learned a level 4 spell: Fulminant Prism
  2767 | D:3      | Reached skill level 1 in Hexes
  2833 | D:3      | Found a runed translucent door.
  2834 | D:3      | Noticed Crazy Yiuf
  3134 | D:4      | Reached XP level 6. HP: 31/32 MP: 12/15
  3426 | D:4      | Noticed Pikel
  3446 | D:4      | Killed Pikel
  3447 | D:4      | Reached skill level 5 in Stealth
  3447 | D:4      | Reached skill level 5 in Spellcasting
  3447 | D:4      | Reached skill level 5 in Hexes
  3447 | D:4      | Reached XP level 7. HP: 34/36 MP: 15/17
  3530 | D:4      | Found a white marble altar of Elyvilon.
  3682 | D:4      | Noticed Natasha
  3685 | D:4      | Killed Natasha
  3692 | D:4      | Found a shimmering altar of Xom.
  3765 | D:4      | Found a basalt altar of Yredelemnul.
  3895 | D:4      | Noticed Natasha
  3902 | D:4      | Killed Natasha
  3903 | D:4      | Reached XP level 8. HP: 39/41 MP: 18/18
  3939 | D:5      | Entered Level 5 of the Dungeon
  4202 | D:4      | Noticed Natasha
  4209 | D:4      | Killed Natasha
  4210 | D:4      | Reached skill level 6 in Spellcasting
  4322 | D:5      | Found an opulent altar of Gozag.
  4652 | D:6      | Noticed Menkaure
  4666 | D:5      | Reached skill level 1 in Fighting
  4666 | D:5      | Reached skill level 1 in Translocations
  4846 | D:5      | Got a heavily runed leather armour
  4857 | D:5      | Identified the cursed +1 leather armour of a sewer {Str+7}
                  | (You found it on level 5 of the Dungeon)
  5060 | D:5      | Found a stormy altar of Qazlal.
  5640 | D:6      | Killed Menkaure
  5913 | D:6      | Noticed Sigmund
  5918 | D:6      | Killed Sigmund
  6152 | D:6      | Reached XP level 9. HP: 52/52 MP: 11/20
  7309 | D:7      | Found a staircase to the Ecumenical Temple.
  7322 | Temple   | Entered the Ecumenical Temple
  7563 | Temple   | Became a worshipper of Sif Muna the Loreminder
  7761 | D:7      | Reached skill level 7 in Spellcasting
  7813 | D:7      | Identified a scroll of acquirement
  7813 | D:7      | Acquired a +1 pair of boots of running
  7894 | D:8      | Noticed a two-headed ogre
  7910 | D:7      | Killed a two-headed ogre
  7911 | D:7      | Reached skill level 5 in Dodging
  8022 | D:8      | Noticed Grum
  8025 | D:8      | Killed Grum
  8026 | D:8      | Reached skill level 8 in Spellcasting
  8026 | D:8      | Reached skill level 10 in Conjurations
  8455 | D:8      | Reached XP level 10. HP: 56/56 MP: 18/24
  8671 | D:8      | Reached * piety under Sif Muna
  9666 | D:9      | Reached skill level 9 in Spellcasting
  9699 | D:9      | Found a radiant altar of Vehumet.
  9729 | D:9      | Noticed Psyche
 10007 | D:9      | Noticed Gastronok
 10009 | D:9      | Noticed Erica
 10036 | D:9      | Killed Psyche
 10050 | D:9      | Reached skill level 1 in Invocations
 10532 | D:9      | Killed Erica
 10542 | D:9      | Reached ** piety under Sif Muna
 10640 | D:9      | Noticed a manticore
 10656 | D:9      | Killed a manticore
 10854 | D:9      | Noticed Harold
 10868 | D:9      | Killed Harold
 10869 | D:9      | Reached skill level 10 in Spellcasting
 11184 | D:10     | Entered Level 10 of the Dungeon
 11248 | D:10     | Reached XP level 11. HP: 60/62 MP: 15/27
 11343 | D:10     | Found Pudeotuc's Antique Armour Boutique.
 11347 | D:10     | Reached skill level 5 in Fighting
 11471 | D:10     | Found a staircase to the Lair.
 11782 | D:10     | Found a staircase to the Orcish Mines.
 12043 | D:10     | Found an iron altar of Okawaru.
 12058 | D:10     | Reached *** piety under Sif Muna
 12433 | D:10     | Killed an unseen horror
 12434 | D:10     | Reached skill level 11 in Spellcasting
 12434 | D:10     | Reached skill level 5 in Invocations
 12569 | D:10     | Found Nuwud's Book Shoppe.
 12626 | D:10     | Found Lodubeat's Antique Weapon Boutique.
 12777 | D:10     | Bought a polished short sword for 128 gold pieces
 12777 | D:10     | Identified the +6 short sword of Mifalaol {drain, Int+7}
                  | (You bought it in a shop on level 10 of the Dungeon)
 13019 | D:11     | Noticed Maurice
 13067 | D:11     | Found a gate leading to a gauntlet.
 13293 | D:11     | Noticed a purple ugly thing
 13620 | D:11     | Killed Maurice
 13634 | D:11     | Killed a purple ugly thing
 13740 | Lair:1   | Entered Level 1 of the Lair of Beasts
 13791 | Lair:1   | Found a frozen archway.
 13804 | Lair:1   | Reached skill level 12 in Spellcasting
 13886 | IceCv    | Entered an ice cave
 13990 | IceCv    | HP: 3/66 [polar bear (4)]
 13991 | IceCv    | Reached XP level 12. HP: 3/71 MP: 21/30
 14374 | IceCv    | Reached **** piety under Sif Muna
 14630 | IceCv    | Reached skill level 13 in Spellcasting
 15576 | IceCv    | Noticed a death yak
 15593 | IceCv    | Killed a death yak
 15665 | IceCv    | Noticed a frost giant
 15665 | IceCv    | Noticed a death yak
 15729 | IceCv    | Killed a death yak
 15800 | IceCv    | Reached skill level 14 in Spellcasting
 15921 | IceCv    | HP: 1/72 [frost giant/bolt of cold (25)]
 15927 | IceCv    | HP: 2/72 [frost giant/bolt of cold (11)]
 15943 | IceCv    | Killed a frost giant
 16307 | IceCv    | Got a bloodstained plate armour
 16342 | IceCv    | Got a masterwork ring mail
 16353 | IceCv    | Identified the +2 ring mail "Jiom" {rPois Str-3 Int+6} (You
                  | found it in an ice cave)
 16619 | Lair:1   | Noticed a six-headed hydra
 16636 | Lair:1   | Killed a six-headed hydra
 16796 | Lair:1   | Reached ***** piety under Sif Muna
 16797 | Lair:1   | Reached XP level 13. HP: 65/78 MP: 28/33
 17036 | Lair:1   | Noticed Fannar
 17047 | Lair:1   | Killed Fannar
 17048 | Lair:1   | Reached skill level 15 in Spellcasting
 18000 | Lair:2   | Identified Sif Muna's Volume of Orientation and the
                  | Arsonist (Sif Muna gifted it to you on level 2 of the Lair
                  | of Beasts)
 18000 | Lair:2   | Received a gift from Sif Muna
 18008 | Lair:2   | Learned a level 5 spell: Fireball
 18152 | Lair:2   | Reached skill level 1 in Fire Magic
 19504 | Lair:3   | Reached skill level 5 in Fire Magic
 19507 | Lair:3   | Reached skill level 16 in Spellcasting
 19729 | Lair:3   | Found a staircase to the Shoals.
 19829 | Lair:3   | Found a staircase to the Snake Pit.
 20449 | Lair:4   | Noticed Snorg
 20570 | Lair:4   | Killed Snorg
 20879 | Lair:4   | Reached XP level 14. HP: 60/84 MP: 29/36
 20902 | Lair:4   | Identified Sif Muna's Handbook of Flames (Sif Muna gifted
                  | it to you on level 4 of the Lair of Beasts)
 20902 | Lair:4   | Received a gift from Sif Muna
 21306 | Lair:4   | Learned a level 5 spell: Bolt of Magma
 21313 | Lair:4   | Learned a level 6 spell: Starburst
 21822 | Lair:5   | Noticed Josephine
 21832 | Lair:5   | Killed Josephine
 22651 | Lair:6   | Entered Level 6 of the Lair of Beasts
 22863 | Lair:6   | Found a transporter.
 22871 | Lair:6   | Identified the +11 broad axe "Fidenn" {flame, rPois rN+}
 22872 | Lair:6   | Identified the cursed +1 spear of Gozag's Inspiration
                  | {antimagic, rElec}
 22874 | Lair:6   | Noticed MajorAdolf's ghost (journeyman NaWn)
 23178 | Lair:6   | Reached skill level 10 in Fire Magic
 23179 | Lair:6   | Identified Sif Muna's Papyrus of Conjuration and Hexes (Sif
                  | Muna gifted it to you on level 6 of the Lair of Beasts)
 23179 | Lair:6   | Received a gift from Sif Muna
 23403 | Lair:5   | Learned a level 8 spell: Ignition
 23899 | D:9      | Killed Gastronok
 24151 | D:3      | Killed Crazy Yiuf
 24407 | Lair:6   | Reached skill level 15 in Conjurations
 24410 | Lair:6   | Reached skill level 17 in Spellcasting
 24647 | Lair:6   | Reached XP level 15. HP: 88/88 MP: 21/38
 24769 | Lair:6   | Found a runed translucent door.
 24769 | Lair:6   | Found a viscous altar of Jiyva.
 24777 | Lair:6   | Found a staircase to the Slime Pits.
 24777 | Lair:6   | Noticed an acid blob
 24801 | Lair:6   | Noticed Rupert
 24811 | Lair:6   | Paralysed by Rupert for 7 turns
 24822 | Lair:6   | Killed Rupert
 25085 | Lair:6   | Found a bloodstained altar of Trog.
 25085 | Lair:6   | Found a transporter.
 25142 | Lair:6   | Reached skill level 1 in Armour
 25365 | Lair:6   | Found the +9 staff of Olgreb {rPois∞}
 25709 | D:12     | Found a corrupted altar of Lugonu.
 25810 | D:12     | Found a burning altar of Makhleb.
 25859 | D:12     | Found Adwedef's Antique Armour Boutique.
 25867 | D:12     | Bought a runed kite shield for 277 gold pieces
 26075 | D:12     | Reached skill level 1 in Shields
 27261 | D:13     | Identified Sif Muna's Collected Works on Curses (Sif Muna
                  | gifted it to you on level 13 of the Dungeon)
 27261 | D:13     | Received a gift from Sif Muna
 27832 | D:14     | Found a gate to the Vaults.
 27890 | D:14     | Found Urritav's Antique Armour Shoppe.
 28132 | D:14     | Found an opulent altar of Gozag.
 28377 | Orc:1    | Entered Level 1 of the Orcish Mines
 28911 | Orc:2    | Entered Level 2 of the Orcish Mines
 28912 | Orc:2    | Found a bloodstained altar of Trog.
 29332 | Orc:2    | Found a staircase to the Elven Halls.
 29464 | Orc:2    | Reached skill level 18 in Spellcasting
 29536 | Orc:2    | Noticed Saint Roka
 29553 | Orc:2    | Reached XP level 16. HP: 68/93 MP: 7/40
 29718 | Orc:2    | Killed Saint Roka
 30016 | Orc:2    | Found a roughly hewn altar of Beogh.
 30021 | Orc:2    | Found Akhlaqy's Antique Armour Boutique.
 30047 | Orc:2    | Found Nigo's General Store.
 30050 | Orc:2    | Received a gift from Sif Muna
 30054 | Orc:2    | Found Irchetzas's Antique Weapon Boutique.
 30332 | Orc:2    | Bought a scroll of teleportation for 45 gold pieces
 30340 | Orc:2    | Found Zimirgh's Jewellery Boutique.
 30354 | Orc:2    | Bought the ring of Tueff {rC+ rCorr Dex+4 Slay+2} for 711
                  | gold pieces
 30372 | Orc:2    | Bought a pair of glowing gloves for 217 gold pieces
 30595 | Orc:2    | Found a roughly hewn altar of Beogh.
 30638 | Orc:2    | Found a runed translucent gate.
 30638 | Orc:2    | Found a runed translucent gate.
 30638 | Orc:2    | Found a runed translucent gate.
 30639 | Orc:2    | Noticed no0bjke's ghost (journeyman GrFi)
 30640 | Orc:2    | Noticed rpophessagr's ghost (journeyman HOMo)
 30932 | Lair:6   | Reached skill level 5 in Shields
 30939 | Lair:6   | Demolished by a spriggan berserker

Illustrated notes

Levels and vault maps discovered:
D:1:      scummos_arrival_checkerplants, layout_basic
D:2:      layout_loops_cross, kiku_gazebo_garden_becter, fedhas_altar_2,
          chequers_ecumenical_altar_grove, chequers_serial_rivers_micro_b,
          chequers_mini_garden
D:3:      minmay_thinvault, layout_rooms, uniq_crazy_yiuf_cottage
D:4:      layout_loops_ring, kennysheep_ying_yang, old_standard_altar,
          minmay_stone_trees_small, uniq_natasha, uniq_pikel
D:5:      layout_loops_ring, marbit_many_paths, nicolae_overflow_crystal_walls,
          lemuel_flamethrower_2
D:6:      layout_loops_ring, sigmund_army, uniq_menkaure
D:7:      layout_gridville, minmay_temple_entry_junction_2
D:8:      layout_loops_ring, nrook_loot_triangle, minmay_misc_feat_cross,
          uniq_grum
D:9:      layout_roguey, vehumet_crystals, uniq_psyche, uniq_erica, uniq_harold,
          uniq_gastronok
D:10:     layout_basic, david_lair_generic, orc_0_dummy, serial_shops,
          nicolae_shop_window_shopping, nicolae_shop_stone, nicolae_shop_trees,
          okawaru_metal_pillars_1_2
D:11:     layout_irregular_city, gauntlet_entry_generic, uniq_maurice
D:12:     kennysheep_kobold_lugonu_temple, layout_gridville, serial_shops,
          shop_fountains, basic_altar
D:13:     layout_cave_pods
D:14:     layout_cave_pools, david_vaults_4, serial_shops, kennysheep_mini_moat,
          nicolae_gozag_seed_capital
Temple:   dpeg_chambers_temple
Lair:1:   layout_misc_corridors, portal_ice_cave_entry_ice_beasts,
          minmay_shattered_shrine, uniq_fannar
Lair:2:   layout_hall_layers, lemuel_fruit_fields
Lair:3:   layout_regular_city, minmay_shoals_entry_hut,
          minmay_snake_entry_guardpost_small, columned_hall_lemuel
Lair:4:   layout_gridlike, uniq_snorg
Lair:5:   layout_regular_city, chequers_serial_rivers_marsh, uniq_josephine
Lair:6:   gammafunk_lair_ancient_temple, layout_misc_corridors, slime_altar_2,
          gammafunk_ghost_wrathful_warriors, chequers_serial_rivers_room_b,
          infiniplex_staircase_pool_2, uniq_rupert
Orc:1:    layout_diamond_mine
Orc:2:    grunt_orc_cross, layout_diamond_mine, gammafunk_ghost_cemetery,
          basic_altar, mines2_david

Skill      XL: |  1  2  3  4  5  6  7  8  9 10 11 12 13 14 15 16 |
---------------+-------------------------------------------------+-----
Stealth        | 3 4 5 6 8 |  8.0
Conjurations   | 5 6 7 8 10 11 12 14 15 | 15.9
Spellcasting   | 4 5 6 8 10 12 14 16 17 18 | 18.1
Hexes          | 2 5 6 8 |  8.0
Fighting       | 4 6 7 8 |  8.0
Translocations | 4 |  4.0
Dodging        | 6 |  6.0
Invocations    | 3 6 8 |  8.0
Fire Magic     | 7 11 13 | 13.6
Armour         | 1 |  1.4
Shields        | 4 5 |  5.0

Action                   |  1- 3 |  4- 6 |  7- 9 | 10-12 | 13-15 | 16-18 || total
-------------------------+-------+-------+-------+-------+-------+-------++-------
Melee: Dagger            |    11 |     2 |     1 |       |       |       ||    14
       Unarmed           |     1 |       |       |       |       |       ||     1
       Short sword       |       |       |       |    17 |     3 |       ||    20
       Staff             |       |       |       |       |    17 |     7 ||    24
 Cast: Magic Dart        |    80 |    72 |    86 |     1 |    12 |     3 ||   254
       Searing Ray       |     4 |    14 |    58 |   138 |    84 |     1 ||   299
       Fulminant Prism   |       |       |     5 |    91 |    15 |    10 ||   121
       Iskenderun's Myst |       |       |     2 |    34 |   119 |     8 ||   163
       Fireball          |       |       |       |       |   198 |    16 ||   214
       Bolt of Magma     |       |       |       |       |    76 |     9 ||    85
       Starburst         |       |       |       |       |    22 |       ||    22
Invok: Channel Magic     |       |       |       |     1 |     7 |       ||     8
Evoke: Staff of Olgreb   |       |       |       |       |     1 |       ||     1
  Use: Scroll            |       |       |    14 |    12 |     5 |     1 ||    32
       Potion            |       |       |       |     9 |     1 |     2 ||    12
Armor: Robe              |     8 |       |       |    45 |    47 |     1 ||   101
       Leather armour    |       |       |     2 |     3 |       |       ||     5
Dodge: Dodged            |    35 |    14 |    35 |   136 |   122 |    10 ||   352
Block: Other             |       |       |     4 |     7 |       |       ||    11
       Reflection        |       |       |       |     3 |       |       ||     3
       Kite shield       |       |       |       |       |    25 |     6 ||    31
